 Dungeon Crawl Stone Soup version 0.28.0-43-g3370ac3207 (webtiles) character file.

Game seed: 2808890711429083517

21 Romesagentofchaos the Slasher (level 2, -6/22 HPs)
             Began as a Demonspawn Gladiator on Mar 24, 2022.
             Mangled by a gnoll
             ... wielding a +0 flail
              (12 damage)
             ... on level 2 of the Dungeon.
             The game lasted 00:02:50 (695 turns).

Romesagentofchaos the Slasher (Demonspawn Gladiator) Turns: 695, Time: 00:02:52

Health: -6/22      AC:  4    Str: 14    XL:     2   Next: 62%
Magic:  2/2        EV: 12    Int:  9    God:
Gold:   62         SH:  0    Dex: 14    Spells: 1/1 levels left

rFire   . . .      SeeInvis .   a - +0 long sword
rCold   . . .      Faith    .   (no shield)
rNeg    . . .      Spirit   .   b - +0 leather armour
rPois   .          Reflect  .   c - +0 helmet
rElec   .          Harm     .   (no cloak)
rCorr   .          Rampage  .   (no gloves)
Will    .....                   (no boots)
Stlth   +.........              (no amulet)
HPRegen 0.07/turn               (no ring)
MPRegen 0.08/turn               (no ring)

@: no status effects
A: weakness stinger 1
a: no special abilities


You were on level 2 of the Dungeon.
You visited 1 branch of the dungeon, and saw 2 of its levels.

You collected 62 gold pieces.

Inventory:

Hand Weapons
 a - a +0 long sword (weapon)
Armour
 b - a +0 leather armour (worn)
 c - a +0 helmet (worn)
Scrolls
 e - 2 scrolls of identify


   Skills:
 + Level 2.0 Fighting
 + Level 3.1 Long Blades
 + Level 2.0 Throwing
 + Level 0.1 Armour
 + Level 3.0 Dodging


You had one spell level left.
You didn't know any spells.
Your spell library was empty.

Dungeon Overview and Level Annotations

Branches:
Dungeon (2/15)

Altars:


Innate Abilities, Weirdness & Mutations

You have a small tail.


Message History

Found 19 gold pieces.
A ball python comes into view.
The ball python moves out of view.
You now have 43 gold pieces (gained 9). 2 gnolls come into view.
Found a potion of attraction.
The gnoll moves out of view.
A gnoll comes into view. It is wielding a +0 spear.
The gnoll shouts! x2
The gnoll barely misses you.
You see here 19 gold pieces.
You now have 62 gold pieces (gained 19).
The gnoll hits you but does no damage.
The gnoll hits you from afar with a +0 spear.
Throw: 2 throwing nets
Press: ? - help, Q - select action Shift-Dir - straight line, f - gnoll
Aim: a gnoll, wielding a +0 spear (64% to hit)
You throw a throwing net. The throwing net hits the gnoll.
The gnoll is caught in the net!
The gnoll struggles against the net.
Throw: throwing net
Press: ? - help, Q - select action Shift-Dir - straight line, f/p - gnoll
Aim: a gnoll, wielding a +0 spear (entangled in a net, 93% to hit)
You throw a throwing net. The throwing net hits the gnoll.
The gnoll hits you from afar with a +0 spear.
The gnoll struggles against the net.
You completely miss the gnoll.
The gnoll hits you from afar with a +0 spear.
The gnoll struggles against the net.
The gnoll barely misses you.
You hit the gnoll.
Your tail-slap misses the gnoll.
The gnoll is heavily wounded.
The gnoll hits you from afar with a +0 spear.
* * * LOW HITPOINT WARNING * * *
The gnoll struggles against the net.
The gnoll barely misses you.
You completely miss the gnoll. You tail-slap the gnoll.
The gnoll is almost dead.
The gnoll completely misses you.
The gnoll struggles against the net.
The net rips apart, and the gnoll comes free!
The gnoll hits you with a +0 flail!
Ouch! That really hurt!
You die...

#.# #######.#######
..##..........#
#.##..........#
#.##..........#
#.##..........#
#.##..g.g.....#
#.#####g#######
.#########......@......#
...........>####.#####.#
............# .!..
.#######.#..# .......
#.#..#.#.#.####
#.#..#.#. .. #.#..# ##
### ..#..# ..#..#


You could see 3 gnolls.

Vanquished Creatures
  A worm (D:2)
  A dart slug (D:1)
  An endoplasm (D:1)
  A goblin (D:1)
  3 hobgoblins
  A quokka (D:1)
  3 ball pythons
  A bat (D:1)
  2 frilled lizards (D:1)
  3 rats (D:1)
17 creatures vanquished.

Notes
Turn   | Place    | Note
-------+----------+-------------------------------------------
     0 | D:1      | Romesagentofchaos the Demonspawn Gladiator began the quest
                  | for the Orb.
     0 | D:1      | Reached XP level 1. HP: 16/16 MP: 1/1
   341 | D:1      | Discovered your monstrous ancestry.
   341 | D:1      | Gained mutation: You have a small tail. [demonic ancestry]
   341 | D:1      | Reached XP level 2. HP: 20/22 MP: 2/2
   646 | D:1      | You fall into a shaft and drop 1 floor!
   695 | D:2      | Mangled by a gnoll

Illustrated notes

Levels and vault maps discovered:
D:1:      saegor_arrival_simple_d, layout_basic
D:2:      layout_basic, basic_altar, minivault_14, chequers_jeans

Skill      XL: |  1  2 |
---------------+-------+-----
Throwing       | 2 |  2.0
Long Blades    | 3 |  3.1
Dodging        | 3 |  3.0
Fighting       | |  2.0
Armour         | |  0.1

Action                   || total
-------------------------++-------
Melee: Long sword        ||    55
       Tailslap          ||     7
Throw: Throwing net      ||     3
  Use: Scroll            ||     2
       Potion            ||     1
Armor: Leather armour    ||    16
Dodge: Dodged            ||    43
